 Dungeon Crawl Stone Soup version 0.31-a0-233-g139696dc86 (webtiles) character file.

Game seed: 12284421542853079300

2072 Shard1697 the Trooper (level 9, -1/68 HPs)
             Began as a Djinni Reaver on July 8, 2023.
             Was an Initiate of Gozag.
             Slain by a large abomination (21 damage)
             ... on level 1 of the Abyss.
             The game lasted 00:12:15 (8194 turns).

Shard1697 the Trooper (Djinni Reaver)               Turns: 8194, Time: 00:12:16

Health: -1/68      AC:  7    Str: 11    XL:     9   Next: 50%
Gold:   1132       EV: 11    Int: 18    God:    Gozag SH:  0 Dex: 13

rFire   + + .        a - +0 scimitar
rCold   x . .        (no shield)
rNeg    . . .        f - +3 leather armour {rPois}
rPois   ∞            t - +0 helmet
rElec   .            (no cloak)
rCorr   .            (no gloves)
SInv    .            (boots unavailable)
Will    .....        (no amulet)
Stlth   +            (no ring)
HPRegen 0.31/turn    (no ring)
MPRegen 0.00/turn

%: infuse magic (-2 HP)
@: flying
A: sickness immunity, fire resistance 2, cold vulnerability 1, float, innate
caster, HP casting, extra vitality 1
a: Renounce Religion, Potion Petition, Call Merchant, Bribe Branch


You were on level 1 of the Abyss.
You worshipped Gozag.
Gozag was most pleased with you.
You visited 1 branch of the dungeon, and saw 7 of its levels.
You visited the Abyss 1 time.
You also visited: Sewer.

You collected 1246 gold pieces.
You spent 81 gold pieces at shops.
You paid 33 gold pieces to Gozag.

Inventory:

Hand Weapons
 a - a +0 scimitar (weapon)
 b - a +1 dagger of draining
Missiles
 q - a throwing net
Armour
 f - a +3 leather armour of poison resistance (worn)
 t - a +0 helmet (worn)
Wands
 o - a wand of flame (27)
 p - a wand of paralysis (10)
Scrolls
 c - 2 scrolls of blinking
 h - 4 scrolls of teleportation
 i - 4 scrolls of enchant weapon
 r - a scroll of revelation
Potions
 d - a potion of invisibility {unknown}
 e - a potion of curing
 g - a potion of heal wounds {unknown}
 j - 3 potions of magic {unknown}
 k - a potion of mutation {unknown}
 m - a potion of might {unknown}
 n - a potion of enlightenment
 s - a potion of brilliance {unknown}


   Skills:
 + Level 7.4 Fighting
 + Level 7.1 Long Blades
 - Level 2.1 Dodging
 + Level 5.4 Spellcasting
 + Level 5.4 Conjurations
 + Level 5.4 Hexes
   Level 0.0 Charms
 + Level 5.4 Summonings
 + Level 5.4 Necromancy
 + Level 5.4 Translocations
 + Level 5.4 Transmutations
 + Level 5.4 Fire Magic
 + Level 5.4 Ice Magic
 + Level 5.4 Air Magic
 + Level 5.4 Earth Magic
 + Level 5.4 Poison Magic


You knew the following spells:

 Your Spells              Type           Power      Damage    Failure   Level
a - Kiss of Death         Conj/Necr      96%        2d12      1%          1
b - Momentum Strike       Conj/Tloc      48%        3d9       2%          2
c - Hailstorm             Conj/Ice       24%        3d7       5%          3
d - Slow                  Hex            96%        N/A       1%          1
e - Searing Ray           Conj           48%        2d6       2%          2
f - Frozen Ramparts       Ice            48%        1d8       5%          3
g - Inner Flame           Hex/Fire       24%        N/A       5%          3
Your spell library was empty.

Dungeon Overview and Level Annotations

Branches:
Dungeon (7/15)             Temple (0/1) D:7           Sewer (visited)

Altars:
Cheibriados
Elyvilon
Fedhas
Gozag
Makhleb
Nemelex Xobeh
Qazlal
Trog
Xom

Shops:
D:2 *   D:6 *   D:7 *

Annotations:
D:4 1 runed translucent door, 123456's ghost, amateur MiFi
D:7 Maggie


Innate Abilities, Weirdness & Mutations

You are immune to sickness and miasma.
You are immune to poison.
Your flesh is very heat resistant. (rF++)
You are vulnerable to cold. (rC-)
You float through the air rather than walking.
You learn spells naturally, not from books.
Your magical power is your life essence.
You have superior vitality. (+4 MHP)


Message History

You finish channelling your searing ray.
Maggie misses you.
The two-headed ogre is engulfed in poison gas.
The two-headed ogre looks even sicker.
Casting: Searing Ray (safe; 2% risk of failure)
Confirm with . or Enter, or press ? or * to list all spells.
Aiming: Searing Ray (safe; 2% risk of failure)
Press: ? - help, Shift-Dir - straight line, f/p - Maggie
Aim: Maggie, wielding a +2 broad axe of distortion and wearing +1 swamp dragon scales (poison gas, lightly wounded, mesmerising, 82% to hit)
The searing ray hits Maggie.
Maggie is moderately wounded. (Press . to maintain the ray.) Maggie hits you with a +2 broad axe of distortion.
You are cast into the Abyss!
This branch contains the abyssal rune of Zot.
A white imp comes into view.
The white imp shouts, "Bolt, thou artless dizzy-eyed deadneck!"
The white imp gestures at you. The puff of frost hits you.
A large abomination comes into view.
The white imp gestures at you. The puff of frost misses you.
The white imp gestures at you. The puff of frost hits you!
You feel a terrible chill! The white imp gestures at you.
The puff of frost hits you!
You feel a terrible chill!
The white imp laughs crazily.
The white imp gestures at you. The puff of frost hits you!
You feel a terrible chill! The white imp gestures at you.
The puff of frost hits you!
You feel a terrible chill! The white imp gestures at you.
The puff of frost hits you!
You feel a terrible chill!
* * * LOW HITPOINT WARNING * * *
You start resting.
A large abomination is nearby!
The large abomination barely misses you.
The large abomination hits you!!
You die...
Your body crumbles into a pile of gold.

...#.. #. .#.# #
# #.. #.. # ...#
.. #...###... #
..#. #.X...
#...## ..
.#..#####..#..#
###..#...## .# #
##5..###..## #.
###X####. # ..
#.@...#. ..##. #
.......##....##.
.#. .......
..##.#.##...###
......# ..# #..
##.## ## ......
.... #...## . .
...... #### ##.
# .##.. .....
#...#..# .....
#### ## .


You could see a large abomination and a white imp.

Vanquished Creatures
  Eustachio (D:5)
  A water moccasin (D:6)
  2 ogres
  2 black bears
  An ice beast (D:5)
  A centaur (D:7)
  2 bullfrogs (D:6)
  A kobold brigand (D:6)
  A scorpion (D:4)
  3 howler monkeys
  3 orc priests (D:5)
  2 gnoll boudas (D:6)
  2 jellies
  2 hounds
  A sleepcap (D:5)
  An iguana (D:6)
  4 orc wizards
  17 gnolls
  15 adders
  4 river rats
  2 white imps
  2 ufetubi
  5 worms
  3 dart slugs
  12 orcs
  9 endoplasms
  6 giant cockroaches
  10 goblins
  5 hobgoblins
  4 jackals
  24 kobolds
  4 quokkas
  12 ball pythons
  5 bats
  2 frilled lizards
  29 rats
200 creatures vanquished.

Vanquished Creatures (others)
  A wizard (D:4)
1 creature vanquished.

Grand Total: 201 creatures vanquished

Notes
Turn   | Place    | Note
-------+----------+-------------------------------------------
     0 | D:1      | Shard1697 the Djinni Reaver began the quest for the Orb.
     0 | D:1      | Shard1697 set off with the following spells memorised: Kiss
                  | of Death, Momentum Strike, Hailstorm.
     0 | D:1      | Reached XP level 1. HP: 18/18 MP: 0/0
    61 | D:1      | Reached XP level 2. HP: 23/23 MP: 0/0
   560 | D:1      | Reached XP level 3. HP: 29/29 MP: 0/0
   560 | D:1      | Learned a level 1 spell: Slow
   942 | D:2      | Reached XP level 4. HP: 18/34 MP: 0/0
  1496 | D:2      | Found Zadghysti's Assorted Antiques.
  1937 | D:2      | Reached XP level 5. HP: 30/34 MP: 0/0
  1937 | D:2      | Learned a level 2 spell: Searing Ray
  2193 | D:3      | Found an opulent altar of Gozag.
  2266 | D:3      | Became a worshipper of Gozag Ym Sagoz the Greedy
  2716 | D:3      | Noticed an ogre
  2728 | D:3      | Killed an ogre
  2729 | D:3      | Reached XP level 6. HP: 14/47 MP: 0/0
  2857 | D:3      | Identified the +6 sling of Change {freeze, rElec rN+ Int-4
                  | Dex+3}
  3003 | D:3      | You are sucked into a shaft and drop 1 floor!
  3445 | D:4      | Found a runed translucent door.
  3445 | D:4      | Noticed 123456's ghost (amateur MiFi)
  3468 | D:4      | Reached XP level 7. HP: 27/53 MP: 0/0
  3468 | D:4      | Learned a level 3 spell: Inner Flame
  3746 | D:4      | Found a bloodstained altar of Trog.
  3747 | D:4      | Noticed a wizard
  3753 | D:4      | Killed a wizard
  4646 | D:5      | Entered Level 5 of the Dungeon
  4652 | D:5      | Reached skill level 5 in Long Blades
  4663 | D:4      | Reached skill level 5 in Fighting
  4792 | D:5      | Found a snail-covered altar of Cheibriados.
  4793 | D:5      | Found a shimmering altar of Xom.
  4899 | D:5      | Reached XP level 8. HP: 48/59 MP: 0/0
  4925 | D:5      | Noticed Eustachio
  5084 | D:5      | Killed Eustachio
  5681 | D:5      | Found a burning altar of Makhleb.
  5681 | D:5      | Noticed a cacodemon
  6219 | D:6      | Reached XP level 9. HP: 51/67 MP: 0/0
  6219 | D:6      | Learned a level 3 spell: Frozen Ramparts
  6227 | D:6      | Reached skill level 5 in Spellcasting
  6227 | D:6      | Reached skill level 5 in Conjurations
  6227 | D:6      | Reached skill level 5 in Hexes
  6227 | D:6      | Reached skill level 5 in Summonings
  6227 | D:6      | Reached skill level 5 in Necromancy
  6227 | D:6      | Reached skill level 5 in Translocations
  6227 | D:6      | Reached skill level 5 in Transmutations
  6227 | D:6      | Reached skill level 5 in Fire Magic
  6227 | D:6      | Reached skill level 5 in Ice Magic
  6227 | D:6      | Reached skill level 5 in Air Magic
  6227 | D:6      | Reached skill level 5 in Earth Magic
  6227 | D:6      | Reached skill level 5 in Poison Magic
  6402 | D:6      | Found Fepef's Assorted Antiques.
  6408 | D:6      | Bought a scroll of teleportation for 81 gold pieces
  6617 | D:6      | Found a glowing drain.
  6628 | Sewer    | Entered a sewer
  7279 | D:6      | Found a white marble altar of Elyvilon.
  7648 | D:6      | Found a sparkling altar of Nemelex Xobeh.
  7694 | D:6      | HP: 3/102 [white imp (5)]
  7908 | D:7      | Found a blossoming altar of Fedhas.
  7908 | D:7      | Found a stormy altar of Qazlal.
  7942 | D:7      | Found a staircase to the Ecumenical Temple.
  8078 | D:7      | Found Xashunyl's Mayhem Merchandise.
  8127 | D:7      | Noticed Maggie
  8137 | D:7      | Noticed a two-headed ogre
  8141 | Abyss:1  | Cast into level 1 of the Abyss (Maggie)
  8181 | Abyss:1  | Noticed a large abomination
  8194 | Abyss:1  | Slain by a large abomination

Illustrated notes

Levels and vault maps discovered:
D:1:      denvon_arrival_planthouse, layout_loops_ring
D:2:      minmay_razor_zed, layout_basic, serial_shops, shop
D:3:      layout_basic, mainiacjoe_overflow_cross_hatched, serial_park_tiny_1,
          grunt_decor_clamped
D:4:      layout_loops_ring, trog_wizard, ebering_ghost_inner_flame
D:5:      layout_basic, makhleb_altar_promises_db,
          chequers_temple_overflow_statue_of_worship, uniq_eustachio
D:6:      layout_basic, elyvilon_altar_1, general_overflow_altar,
          mainiacjoe_overflow_24_doors, gup_sewer_entry_spiral, serial_shops,
          nicolae_shop_overgrown_old_shop, eino_tiny_chamber,
          nicolae_grassy_gnolls
D:7:      layout_cave_pools, grunt_temple_overflow_forces_of_nature,
          minmay_temple_entry_large_hall, minmay_shop_mayhem, uniq_duvessa,
          uniq_maggie
Abyss:1:  base: D:5, hangedman_abyss_or_decor_stabs

Skill      XL: |  1  2  3  4  5  6  7  8  9 |
---------------+----------------------------+-----
Long Blades    | 3 4 5 6 7 |  7.1
Spellcasting   | 3 4 5 |  5.4
Conjurations   | 3 4 5 |  5.4
Hexes          | 3 4 5 |  5.4
Summonings     | 3 4 5 |  5.4
Necromancy     | 3 4 5 |  5.4
Translocations | 3 4 5 |  5.4
Transmutations | 3 4 5 |  5.4
Fire Magic     | 3 4 5 |  5.4
Ice Magic      | 3 4 5 |  5.4
Air Magic      | 3 4 5 |  5.4
Earth Magic    | 3 4 5 |  5.4
Poison Magic   | 3 4 5 |  5.4
Fighting       | 3 4 5 6 7 |  7.4
Dodging        | |  2.1

Action                     |  1- 3 |  4- 6 |  7- 9 || total
---------------------------+-------+-------+-------++-------
  Melee: Falchion          |    93 |   161 |    67 ||   321
         Punch             |       |     1 |     2 ||     3
         Scimitar          |       |       |   163 ||   163
   Cast: Slow              |     3 |     3 |       ||     6
         Kiss of Death     |       |     2 |       ||     2
         Momentum Strike   |       |     1 |       ||     1
         Searing Ray       |       |     9 |    37 ||    46
         Frozen Ramparts   |       |       |     4 ||     4
  Evoke: Wand              |       |       |     1 ||     1
    Use: Scroll            |       |       |    12 ||    12
         Potion            |       |       |     3 ||     3
   Stab: Sleeping          |     2 |       |     1 ||     3
 Armour: Leather armour    |    29 |    39 |   100 ||   168
         Skin              |       |       |    22 ||    22
  Dodge: Dodged            |    57 |    91 |   188 ||   336

Table legend: (Time is in decaauts)
 A = Elapsed time spent in this place.
 B = Non-inter-level travel time spent in this place.
 C = Inter-level travel time spent in this place.
 D = Time resting spent in this place.
 E = Time spent auto-exploring this place.
 F = Levels seen in this place.
 G = Mean time per level.
                   A        B        C        D        E       F      G
               +--------+--------+--------+--------+--------+-----+--------+
         Total |   8241 |   8055 |    186 |   1455 |   4744 |   9 |  915.7 |
       Dungeon |   7666 |   7480 |    186 |   1453 |   4515 |   7 | 1095.1 |
         Abyss |     52 |     52 |      0 |      2 |      0 |   1 |   52.0 |
         Sewer |    522 |    522 |      0 |      0 |    229 |   1 |  522.0 |
               +--------+--------+--------+--------+--------+-----+--------+

Top non-repeatable levels by time:
     D:4: 1558 daAuts
     D:2: 1482 daAuts
     D:6: 1266 daAuts
     D:5: 1221 daAuts
     D:3: 1158 daAuts
     D:1: 732 daAuts
   Sewer: 522 daAuts
     D:7: 246 daAuts
 Abyss:1: 52 daAuts
